 Dungeon Crawl Stone Soup version 0.18-a0-910-g1648204 (webtiles) character file.

2503 Proton the Shield-Bearer (level 9, -1/71 HPs)
             Began as a Formicid Fighter on Dec 25, 2015.
             Was a Believer of Ru.
             Slain by a bone dragon (6 damage)
             ... on level 2 of the Abyss.
             The game lasted 00:14:22 (8075 turns).

Proton the Shield-Bearer (Formicid Fighter)         Turns: 8075, Time: 00:14:22

Health: -1/71      AC: 17    Str: 24    XL:     9   Next: 82%
Magic:  0/9        EV:  9    Int:  8    God:    Ru [**....]
Gold:   331        SH:  7    Dex: 12    Spells: 0 memorised, 8 levels left

rFire  + . .     SeeInvis +     b - -1 great sword (curse)
rCold  . . .     Gourm    .     y - +0 plate armour
rNeg   . . .     Faith    .     o - +1 buckler {rF+}
rPois  .         Spirit   .     (helmet unavailable)
rElec  .         Dismiss  +     (no cloak)
rCorr  .         Reflect  .     z - +0 pair of gloves
SustAt .         Harm     .     l - +2 pair of boots {run}
MR     .....                    A - amulet of dismissal
Stlth  ..........               (no ring)
                                F - ring of flight

@: non-regenerating, badly diseased, quick, not resistant to hostile
enchantments, extremely unstealthy
A: permanent stasis, dig shafts and tunnels, four strong arms, antennae 3, thin
skeletal structure 1, wild magic 1, no stealth, no fire magic, no translocations
magic, no transmutations magic
a: Dig, Shaft Self, Renounce Religion, Evoke Flight


You were on level 2 of the Abyss.
You worshipped Ru.
Ru was pleased with you.
You were not hungry.

You visited 2 branches of the dungeon, and saw 7 of its levels.
You visited the Abyss 1 time.

You collected 331 gold pieces.

Inventory:

Hand Weapons
 b - a cursed -1 great sword (weapon)
Armour
 l - a +2 pair of boots of running (worn)
 o - a +1 buckler of fire resistance (worn)
 y - a +0 plate armour (worn)
 z - a +0 pair of gloves (worn)
Jewellery
 A - an amulet of dismissal (around neck)
 F - a ring of flight (left hand)
Wands
 w - a wand of paralysis (6/24)
Scrolls
 c - 4 scrolls of identify
 e - 4 scrolls of enchant weapon {unknown}
 i - 2 scrolls of teleportation {unknown}
 n - 2 scrolls of fog {unknown}
 p - a scroll of enchant armour {unknown}
 q - 6 scrolls of remove curse {unknown}
 C - 2 scrolls of immolation {unknown}
 D - a scroll of magic mapping {unknown}
 E - a scroll of blinking {unknown}
 G - 2 scrolls of noise {unknown}
 H - a scroll of fear {unknown}
Potions
 a - a potion of heal wounds
 d - 2 potions of might
 g - 2 potions of resistance
 j - a potion of invisibility {unknown}
 k - a potion of curing {unknown}
 m - 2 potions of ambrosia {unknown}
 s - a potion of flight {unknown}
 t - a potion of cure mutation {unknown}
 v - a potion of haste {unknown}
 B - a potion of lignification {unknown}
Comestibles
 f - 4 bread rations
 h - 3 beef jerkies
 r - 4 meat rations
 u - a royal jelly
 x - 4 fruits


   Skills:
 + Level 6.8 Fighting
 + Level 5.9 Long Blades
 + Level 7.1 Armour
 + Level 4.9 Dodging
 + Level 7.8 Shields


You had 8 spell levels left.
You didn't know any spells.

Dungeon Overview and Level Annotations

Branches:
Dungeon (6/15)             Temple (1/1) D:4

Altars:
Ashenzari
Dithmenos
Elyvilon
Kikubaaqudgha
Ru
Sif Muna
Vehumet
Xom
Yredelemnul


Innate Abilities, Weirdness & Mutations

You are under a permanent stasis effect.
You can dig through walls and to a lower floor.
Your four strong arms can wield two-handed weapons with a shield.
You have a pair of large antennae on your head (SInv).
You cannot be stealthy.
You cannot study or cast Fire magic.
You cannot study or cast Translocations magic.
You cannot study or cast Transmutations magic.
You have a somewhat thin skeletal structure (Dex +2, Stealth).
Your spells are a little harder to cast, but a little more powerful.


Message History

The ufetubus closely misses itself.
The ufetubus hits itself.
You feel ill. The bone dragon bites you! You block the bone dragon's attack.
The bone dragon tramples you!
* * * LOW HITPOINT WARNING * * *
You hold your ground!
The eye of draining gazes at you.
You feel your power leaking away.
The ufetubus hits you but does no damage.
You block the ufetubus's attack.
The ufetubus hits you but does no damage.
The ufetubus closely misses you.
The bone dragon bites you but does no damage.
The bone dragon claws you but does no damage.
The bone dragon tramples you but does no damage.
The ufetubus hits you.
* * * LOW HITPOINT WARNING * * *
You block the ufetubus's attack. The bone dragon bites you.
* * * LOW HITPOINT WARNING * * *
The bone dragon claws you.
You die...

. #. ### .## #
##@##. . # #
#5DG#..# #
#.###5#E.## ### #
. ##.{8555#.# ...#
# . .
#.≈≈≈x5≈3≈≈≈≈≈#. #
. ♣≈≈≈≈≈≈≈♣≈≈≈≈≈≈≈
. ##
≈≈≈≈≈≈≈♣≈≈≈≈≈≈≈≈#.
.
≈≈≈≈≈≈≈≈≈♣≈≈≈♣#.#.
# ≈≈≈≈...# ##. #
##


You could see a bone dragon, a toenail golem, an ancient zyme, an earth
elemental, an eye of draining, a ynoxinul and 6 ufetubi.

Vanquished Creatures
  Grinder (D:3)
  Duvessa (D:4)
  An orc warrior (D:6)
  A black bear (D:6)
  3 ogres
  A phantom (D:4)
  2 ice beasts
  A sky beast (D:6)
  A centaur (D:5)
  2 giant frogs (D:6)
  2 scorpions (D:5)
  A wyvern skeleton (D:5)
  A water moccasin skeleton (D:4)
  Dowan (D:4)
  A centaur zombie (D:6)
  3 crimson imps
  An orc priest (D:3)
  A hound (D:5)
  3 iguanas
  2 jellies
  A giant frog skeleton (D:5)
  7 orc wizards
  7 worker ants
  2 hound zombies (D:5)
  A hound skeleton (D:6)
  8 adders
  2 shadow imps
  An ooze (D:1)
  9 worms
  16 orcs
  2 ball pythons
  14 bats
  8 hobgoblins
  6 jackals (D:5)
  A quokka (D:5)
  A ball python skeleton (D:5)
  6 giant cockroaches
  3 giant geckos
  A giant gecko zombie (D:5)
  6 giant newts
  12 goblins
  A jackal skeleton (D:5)
  10 kobolds
  A quokka skeleton (D:4)
  11 rats
167 creatures vanquished.

Vanquished Creatures (others)
  A bush (D:6)
1 creature vanquished.

Grand Total: 168 creatures vanquished

Notes
Turn   | Place    | Note
--------------------------------------------------------------
     0 | D:1      | Proton the Formicid Fighter began the quest for the Orb.
     0 | D:1      | Reached XP level 1. HP: 18/18 MP: 1/1
   148 | D:1      | Reached XP level 2. HP: 18/24 MP: 2/2
   302 | D:1      | Identified a +2 pair of boots of running (You found it on level 1 of the Dungeon)
   368 | D:1      | Found a shattered altar of Ashenzari.
   517 | D:1      | Reached XP level 3. HP: 29/29 MP: 3/3
   541 | D:1      | Reached skill level 1 in Dodging
   730 | D:2      | Reached skill level 4 in Shields
   886 | D:2      | Found a faded altar to an unknown god.
   893 | D:2      | Reached XP level 4. HP: 33/36 MP: 4/4
  1057 | D:2      | Found a basalt altar of Yredelemnul.
  1076 | D:2      | Found an ancient bone altar of Kikubaaqudgha.
  1077 | D:2      | Found a radiant altar of Vehumet.
  1077 | D:2      | Found a shimmering altar of Xom.
  1080 | D:2      | Found a white marble altar of Elyvilon.
  1617 | D:3      | Reached XP level 5. HP: 42/42 MP: 5/5
  1698 | D:4      | Noticed Dowan
  1718 | D:5      | Entered Level 5 of the Dungeon
  1974 | D:5      | Found a sacrificial altar of Ru.
  1992 | D:5      | Became a worshipper of Ru the Awakened
  2126 | D:5      | Reached XP level 6. HP: 38/48 MP: 6/6
  2489 | D:5      | Reached skill level 5 in Shields
  2593 | D:5      | Reached XP level 7. HP: 49/55 MP: 7/7
  3470 | D:6      | Reached skill level 5 in Armour
  3479 | D:6      | Reached skill level 5 in Fighting
  3684 | D:6      | Reached XP level 8. HP: 58/62 MP: 8/8
  3735 | D:6      | Gained mutation: You cannot study or cast Fire magic. [Ru sacrifice]
  3735 | D:6      | Gained mutation: You cannot study or cast Transmutations magic. [Ru sacrifice]
  3735 | D:6      | Gained mutation: You cannot study or cast Translocations magic. [Ru sacrifice]
  3735 | D:6      | Reached * piety under Ru
  3837 | D:6      | Reached skill level 6 in Shields
  4913 | D:4      | Found a staircase to the Ecumenical Temple.
  4953 | Temple   | Entered the Ecumenical Temple
  5320 | D:3      | Noticed Grinder
  5343 | D:3      | Killed Grinder
  5343 | D:3      | Reached XP level 9. HP: 61/69 MP: 9/9
  5396 | D:3      | Reached skill level 5 in Long Blades
  5952 | D:2      | Reached skill level 7 in Shields
  6053 | D:4      | Noticed Duvessa
  6598 | D:4      | Killed Dowan
  6641 | D:4      | Gained mutation: You cannot be stealthy. [Ru sacrifice]
  6641 | D:4      | Reached ** piety under Ru
  6730 | D:4      | Killed Duvessa
  7884 | D:6      | Gained mutation: Your spells are a little harder to cast, but a little more powerful. [mutagenic meat]
  7885 | D:6      | Gained mutation: You have a somewhat thin skeletal structure (Dex +2, Stealth). [mutagenic meat]
  7892 | D:6      | Noticed a centaur warrior
  7892 | D:6      | Noticed an ogre mage
  7949 | D:6      | Cast into level 2 of the Abyss (an ogre mage)
  7970 | Abyss:2  | Noticed an ancient zyme
  8025 | Abyss:2  | Noticed a toenail golem
  8060 | Abyss:2  | Noticed a bone dragon
  8075 | Abyss:2  | Slain by a bone dragon

Vault maps used:
D:1:      dpeg_arrival_rooms_b, nicolae_ashenzari_panopticon
D:2:      kennysheep_six_static_rooms, minitemple, ecumenical_altar_2
D:3:      gup_sewer_entry_bubbles, first_bread, uniq_grinder
D:4:      minmay_temple_entry_statues_pillars, uniq_duvessa
D:5:      nicolae_ru_awakened_eye
D:6:      minmay_klotski, grunt_ministairs_5
Temple:   triangle_lava_temple_12

Action                   |  1- 3 |  4- 6 |  7- 9 || total
-------------------------+-------+-------+-------++-------
Melee: Long sword        |    95 |   148 |    48 ||   291
       Great sword       |       |       |   426 ||   426
Invok: Sacrifice Arcana  |       |       |     1 ||     1
       Sacrifice Stealth |       |       |     1 ||     1
 Abil: Dig               |       |       |     4 ||     4
  Use: Scroll            |       |       |     1 ||     1
  Eat: Chunk             |       |     4 |    21 ||    25
